 Dungeon Sprint DCSS version 0.17-a0-1570-g74b7129 (webtiles) character file.

26 tt080 the Grave Robber (level 2, 0/22 HPs)
             Began as a Deep Dwarf Necromancer on July 23, 2015.
             Was a Follower of Makhleb.
             Slain by a crimson imp (1 damage)
             ... in the Dungeon (Sprint IX: "|||||||||||||||||||||||||||||").
             The game lasted 00:02:50 (161 turns).

tt080 the Grave Robber (Deep Dwarf Necromancer)      Turns: 161, Time: 00:02:51

Health: 0/22       AC:  9    Str: 11    XL:     2   Next: 89%
Magic:  5/5        EV: 11    Int: 18    God:    Makhleb [*.....]
Gold:   0          SH:  0    Dex: 13    Spells: 1 memorised, 4 levels left

rFire  . . .     SeeInvis .     p - +2 morningstar (crush)
rCold  . . .     Clarity  .     r - +2 ring mail
rNeg   . . .     SustAt   .     (no shield)
rPois  .         Gourm    .     (no helmet)
rElec  .         Spirit   .     (no cloak)
rCorr  .         Warding  .     (no gloves)
rMut   .         NoTele   +     (no boots)
MR     .....                    (no amulet)
Stlth  +.........               s - +3 ring of intelligence
                                t - +2 ring of protection

@: non-regenerating, not resistant to hostile enchantments, very unstealthy
A: damage resistance, recharge devices, sense surroundings 1, slow healing 3
a: Device Recharging, Renounce Religion


You were in the Dungeon.
You worshipped Makhleb.
Makhleb was aware of your devotion.
You were not hungry.

You visited 1 branch

Inventory:

Hand weapons
 k - a -3 club
 o - a +0 lajatang
 p - a +2 morningstar of crushing (weapon)
Armour
 a - a +0 robe
 q - a +0 pair of gloves
 r - a +2 ring mail (worn)
Magical staves
 n - an uncursed staff of energy
Jewellery
 s - a +3 ring of intelligence (right hand)
 t - a +2 ring of protection (left hand)
Magical devices
 c - a wand of heal wounds (5)
 m - a wand of cold (6)
Scrolls
 i - 2 scrolls of remove curse
 j - 2 scrolls of blinking
 l - 2 scrolls of amnesia
Potions
 e - a potion of invisibility
 f - 3 potions of heal wounds
 g - a potion of curing
 h - 4 potions of magic
Books
 b - a book of Necromancy

   Spells                             Type                      Level
   a - Pain                           Necromancy                   1
   b - Animate Skeleton               Necromancy                   1
   c - Vampiric Draining              Necromancy                   3
   d - Regeneration                   Charms/Necromancy            3
   e - Animate Dead                   Necromancy                   4
   f - Control Undead                 Necromancy                   4
Comestibles
 d - a bread ration


   Skills:
 + Level 1.4 Maces & Flails
 - Level 2.2 Dodging
 - Level 2.4 Stealth
 - Level 2.0 Spellcasting
 - Level 7.4 Necromancy


You had 4 spell levels left.
You knew the following spells:

 Your Spells              Type           Power        Failure   Level  Hunger
a - Pain                  Necr           ####         2%          1    #......


Dungeon Overview and Level Annotations

Branches:
Dungeon (1/1)

Altars:
Cheibriados
Dithmenos
Elyvilon
Fedhas
Gozag
Kikubaaqudgha
Makhleb
Nemelex Xobeh
Okawaru
Qazlal
Ru
Sif Muna
Trog
Vehumet
Xom
Yredelemnul
Zin
The Shining One
Beogh
Jiyva
Lugonu


Innate Abilities, Weirdness & Mutations

You are resistant to damage.
You can recharge devices by infusing magical energy.
You passively map a small area around you.
You do not heal naturally.


Message History

Ouch! That really hurt!
* * * LOW HITPOINT WARNING * * *
You closely miss the ice beast.
The ice beast is severely wounded.
The crimson imp closely misses you. The ice beast closely misses you.
Drink which item? (? for menu, Esc to quit)
You feel better. The crimson imp barely misses you. The ice beast hits you.
The ice beast freezes you.
* * * LOW HITPOINT WARNING * * *
Drink which item? (? for menu, Esc to quit)
You feel better. The crimson imp hits you.
* * * LOW HITPOINT WARNING * * *
The ice beast hits you. The ice beast freezes you!
Ouch! That really hurt!
* * * LOW HITPOINT WARNING * * *
You hit the ice beast.
The ice beast is almost dead.
The crimson imp hits you but does no damage.
The ice beast misses you. The crimson imp hits you.
You die...

▓.▓
+*,▓.▓
* ▓.▓
* ▓)▓
*, ▓[▓
, ,
▓.▓ ,*
,▓.▓ *
* ▓5▓
* *,
,▓@▓ ,
,* ▓Y▓
,* ▓Z▓
* *
▓S▓ ,
,▓.▓ ,
▓)▓ *
▓.▓ ,*
▓.▓ *
,


You could see an ice beast, a crimson imp, an adder and a quokka zombie.

Vanquished Creatures
  An adder (D)
  An adder zombie (D)
  2 orcs (D)
  A bat skeleton (D)
  4 hobgoblins (D)
  A giant newt (D)
  2 rats (D)
12 creatures vanquished.

Notes
Turn   | Place    | Note
--------------------------------------------------------------
     0 | D        | tt080 the Deep Dwarf Necromancer began the quest for the Orb.
     0 | D        | Reached XP level 1. HP: 15/15 MP: 3/3
     8 | D        | Reached skill level 5 in Necromancy
    73 | D        | Reached skill level 6 in Necromancy
    73 | D        | Reached XP level 2. HP: 19/22 MP: 1/5
    77 | D        | Reached skill level 7 in Necromancy
    91 | D        | Found a glowing silver altar of Zin.
    91 | D        | Found a glowing golden altar of the Shining One.
    91 | D        | Found an ancient bone altar of Kikubaaqudgha.
    91 | D        | Found a basalt altar of Yredelemnul.
    91 | D        | Found a shimmering altar of Xom.
    91 | D        | Found a radiant altar of Vehumet.
    92 | D        | Found an iron altar of Okawaru.
    93 | D        | Found a burning altar of Makhleb.
    94 | D        | Found a deep blue altar of Sif Muna.
    95 | D        | Found a bloodstained altar of Trog.
    96 | D        | Found a sparkling altar of Nemelex Xobeh.
    97 | D        | Found a white marble altar of Elyvilon.
    98 | D        | Found a roughly hewn altar of Beogh.
    99 | D        | Found a viscous altar of Jiyva.
   100 | D        | Found a corrupted altar of Lugonu.
   101 | D        | Became a worshipper of Makhleb the Destroyer
   102 | D        | Found a blossoming altar of Fedhas.
   103 | D        | Found a snail-covered altar of Cheibriados.
   104 | D        | Found a shadowy altar of Dithmenos.
   105 | D        | Found a stormy altar of Qazlal.
   106 | D        | Found an opulent altar of Gozag.
   107 | D        | Found a sacrificial altar of Ru.
   150 | D        | Noticed an ice beast
   150 | D        | Noticed a crimson imp
   151 | D        | Reached skill level 1 in Maces & Flails
   151 | D        | Acquired Makhleb's first power
   160 | D        | HP: 1/22 [ice beast (12)]
   161 | D        | Slain by a crimson imp

Vault maps used:
D:        linesprint

Action                   || total
-------------------------++-------
Melee: Club              ||    30
       Morningstar       ||     8
 Cast: Pain              ||     7
Evoke: Wand              ||     1
  Use: Potion            ||     6
       Scroll            ||     1
